 Dungeon Crawl Stone Soup version 0.21.1-1-g345015f (webtiles) character file.

5070 homeworkjunkie the Cleaver (level 10, -1/89 HPs)
             Began as a Hill Orc Fighter on Feb 16, 2018.
             Was an Elder of Okawaru.
             Slain by a two-headed ogre
             ... wielding a +0 giant club
              (8 damage)
             ... on level 9 of the Dungeon.
             The game lasted 00:14:53 (7254 turns).

homeworkjunkie the Cleaver (Hill Orc Fighter)       Turns: 7254, Time: 00:14:53

Health: -1/89      AC: 14    Str: 22    XL:     10   Next: 56%
Magic:  13/13      EV:  7    Int:  8    God:    Okawaru [****..]
Gold:   109        SH: 11    Dex: 11    Spells: 9/9 levels left

rFire    . . .     SeeInvis +   a - +2 war axe
rCold    . . .     Gourm    .   c - +0 shield
rNeg     + . .     Faith    .   r - +0 chain mail of Mutualism {rElec rN+ SInv}
rPois    .         Spirit   .   h - +2 helmet
rElec    +         Reflect  .   (no cloak)
rCorr    .         Harm     .   (no gloves)
MR       .....                  (no boots)
Stlth    ..........             g - amulet of rage
HPRegen  0.24/turn              (no ring)
MPRegen  0.13/turn              s - ring of wizardry

@: about to teleport, very slightly contaminated
A: no striking features
a: Heroism, Renounce Religion, Evoke Berserk Rage


You were on level 9 of the Dungeon.
You worshipped Okawaru.
Okawaru was greatly pleased with you.
You were hungry.

You visited 2 branches of the dungeon, and saw 11 of its levels.

You collected 384 gold pieces.
You spent 275 gold pieces at shops.

Inventory:

Hand Weapons
 a - a +2 war axe (weapon)
Armour
 c - a +0 shield (worn)
 h - a +2 helmet (worn)
 r - the +0 chain mail of Mutualism (worn) {rElec rN+ SInv}
   (You bought it in a shop on level 7 of the Dungeon)

   It insulates you from electricity.
   It protects you from negative energy.
   It lets you see invisible.
Jewellery
 g - an amulet of rage (around neck)
 s - a ring of wizardry (right hand)
Wands
 j - a wand of iceblast (15)
 n - a wand of digging (33)
 t - a wand of disintegration (2)
Scrolls
 d - 3 scrolls of identify
 e - 7 scrolls of remove curse
 i - a scroll of immolation
 k - 2 scrolls of teleportation
 l - 2 scrolls of fog
 o - a scroll of blinking
Potions
 m - 2 potions of ambrosia
 p - 2 potions of brilliance
 q - a potion of agility
 u - a potion of might
Comestibles
 f - 13 rations


   Skills:
 * Level 8.3 Fighting
 * Level 12.2 Axes
 * Level 7.7 Armour
 + Level 1.6 Dodging
 + Level 0.1 Stealth
 * Level 7.3 Shields
 * Level 4.6 Evocations


You had 9 spell levels left.
You didn't know any spells.

Dungeon Overview and Level Annotations

Branches:
Dungeon (10/15)            Temple (1/1) D:4
   Lair: D:8-11         Orc: D:9-12

Altars:
Ashenzari
Cheibriados
Dithmenos
Elyvilon
Fedhas
Gozag
Hepliaklqana
Kikubaaqudgha
Makhleb
Nemelex Xobeh
Okawaru
Qazlal
Ru
Sif Muna
Trog
Uskayaw
Vehumet
Wu Jian
Xom
Yredelemnul
Zin
The Shining One

Shops:
D:7 [


Message History

The mass of ice explodes!
The iceblast engulfs the two-headed ogre.
The two-headed ogre is lightly wounded.
The two-headed ogre shouts in stereo!
Evoke which item? (* to show all) (? for menu, Esc to quit)
Aiming: Iceblast
Press: ? - help, Shift-Dir - straight line, f/p - two-headed ogre
Aim: a two-headed ogre, wielding two giant clubs (lightly wounded)
The mass of ice explodes!
The iceblast engulfs the two-headed ogre.
The two-headed ogre is moderately wounded.
Things that are here:
a dagger; a robe; an orc corpse A two-headed ogre is nearby!
As you read the scroll of teleportation, it crumbles to dust.
You feel strangely unstable.
The two-headed ogre hits you with a giant club.
* * * LOW HITPOINT WARNING * * *
The two-headed ogre hits you with a giant club!
You die...

... ...
#'# #.#
#.# #.#
#..
###.#
#..
#.O.#
#..
#@###
#.. #.#
#..# #.#
#< #...
#.#
#...#...
#.#
.......<
#.#
......#.
#.#
##### #.
#..
.......†
#..
........


You could see a two-headed ogre.

Vanquished Creatures
  3 two-headed ogres
  The ghost of wotfoxis the Magician, a novice SpVM of Wu Jian (D:6)
  A hippogriff (D:7)
  A spriggan (D:8)
  4 ice beasts
  2 necrophages (D:8)
  A phantom (D:8)
  6 ogres
  A centaur (D:8)
  4 bullfrogs
  A water moccasin skeleton (D:6)
  3 howler monkeys
  2 crimson imps
  3 hounds
  A gnoll shaman (D:4)
  2 orc priests (D:8)
  2 jellies
  2 centaur skeletons (D:8)
  Natasha (thrice) (D:2)
  2 iguanas
  2 orc wizards
  3 worker ants
  A hound zombie (D:6)
  2 hound skeletons
  5 gnolls (D:4)
  A howler monkey skeleton (D:4)
  7 adders
  2 shadow imps
  5 oozes
  2 adder skeletons (D:6)
  3 worms
  A dart slug (D:1)
  4 leopard geckos
  19 orcs
  14 giant cockroaches
  4 goblins
  2 hobgoblins (D:3)
  13 jackals
  3 kobolds (D:2)
  3 quokkas
  3 ball pythons
  6 bats
  7 frilled lizards
  A leopard gecko skeleton (D:4)
  10 rats
168 creatures vanquished.

Vanquished Creatures (others)
  An orc wizard (D:8)
1 creature vanquished.

Grand Total: 169 creatures vanquished

Notes
Turn   | Place    | Note
-------+----------+-------------------------------------------
     0 | D:1      | homeworkjunkie the Hill Orc Fighter began the quest for the Orb.
     0 | D:1      | Reached XP level 1. HP: 19/19 MP: 1/1
     2 | D:1      | Found a runed door.
    26 | D:2      | Reached XP level 2. HP: 23/27 MP: 2/2
   183 | D:1      | Reached skill level 3 in Axes
   221 | D:1      | Reached XP level 3. HP: 29/33 MP: 3/3
   550 | D:2      | Reached XP level 4. HP: 35/40 MP: 4/4
   661 | D:2      | Noticed Natasha
   679 | D:2      | Killed Natasha
   799 | D:2      | Noticed Natasha
   803 | D:2      | Killed Natasha
   834 | D:2      | Noticed Natasha
   841 | D:2      | Killed Natasha
   841 | D:2      | Reached skill level 4 in Axes
   841 | D:2      | Reached XP level 5. HP: 35/47 MP: 5/5
  1866 | D:1      | Reached skill level 5 in Fighting
  2118 | D:4      | Reached XP level 6. HP: 50/56 MP: 6/6
  2121 | D:4      | Reached skill level 1 in Evocations
  2213 | D:5      | Entered Level 5 of the Dungeon
  2237 | D:4      | Reached skill level 5 in Axes
  2299 | D:4      | Found a staircase to the Ecumenical Temple.
  2308 | Temple   | Entered the Ecumenical Temple
  2745 | D:4      | Got a glittering copper ring
  2809 | D:5      | Reached XP level 7. HP: 61/61 MP: 8/8
  2821 | D:4      | Identified the ring of Moodiness {*Tele +Blink} (You found it on level 4 of the Dungeon)
  2866 | D:4      | Reached skill level 6 in Axes
  2877 | D:4      | Reached skill level 5 in Armour
  2974 | D:4      | Found an iron altar of Okawaru.
  2977 | D:4      | Became a worshipper of Warmaster Okawaru
  3011 | D:4      | Reached skill level 1 in Dodging
  3208 | D:6      | Reached skill level 7 in Axes
  3208 | D:6      | Reached skill level 5 in Shields
  3349 | D:5      | Found a shimmering altar of Xom.
  3365 | D:5      | Reached * piety under Okawaru
  3501 | D:5      | Reached XP level 8. HP: 70/70 MP: 9/9
  4152 | D:6      | Reached skill level 8 in Axes
  4182 | D:6      | Noticed wotfoxis's ghost (novice SpVM)
  4203 | D:6      | Killed wotfoxis's ghost
  4264 | D:6      | Reached skill level 9 in Axes
  4617 | D:6      | Reached ** piety under Okawaru
  4759 | D:6      | Reached XP level 9. HP: 60/78 MP: 11/11
  5548 | D:7      | Reached skill level 10 in Axes
  5582 | D:8      | Noticed a two-headed ogre
  5592 | D:8      | Killed a two-headed ogre
  5592 | D:8      | Reached *** piety under Okawaru
  5937 | D:8      | Reached skill level 11 in Axes
  5948 | D:8      | Reached XP level 10. HP: 71/85 MP: 13/13
  6127 | D:7      | Found Ybus's Antique Armour Emporium.
  6133 | D:7      | Bought an ichor-stained chain mail for 275 gold pieces
  6143 | D:7      | Identified the cursed +0 chain mail of Mutualism {rElec rN+ SInv} (You bought it in a shop on level 7 of the Dungeon)
  6467 | D:8      | Found a sparkling altar of Nemelex Xobeh.
  6589 | D:8      | Reached **** piety under Okawaru
  6605 | D:8      | Found a shattered altar of Ashenzari.
  6618 | D:8      | Found a deep blue altar of Sif Muna.
  6659 | D:8      | Noticed a two-headed ogre
  6666 | D:8      | Killed a two-headed ogre
  6948 | D:10     | Entered Level 10 of the Dungeon
  6950 | D:10     | Noticed a two-headed ogre
  6966 | D:10     | Killed a two-headed ogre
  6966 | D:10     | Received a gift from Okawaru
  6966 | D:10     | Reached skill level 12 in Axes
  7209 | D:9      | Noticed a two-headed ogre
  7248 | D:9      | Noticed a two-headed ogre
  7254 | D:9      | Slain by a two-headed ogre

Skill      XL: |  1  2  3  4  5  6  7  8  9 10 |
---------------+-------------------------------+-----
Fighting       | 4 5 6 7 8 |  8.3
Axes           | 3 4 5 7 9 11 12 | 12.2
Shields        | 4 5 6 7 |  7.3
Armour         | 4 5 6 7 |  7.7
Evocations     | 1 2 3 4 |  4.6
Dodging        | 1 |  1.6
Stealth        | |  0.1

Action                   |  1- 3 |  4- 6 |  7- 9 | 10-12 || total
-------------------------+-------+-------+-------+-------++-------
Melee: War axe           |    85 |   172 |   276 |    98 ||   631
Evoke: Wand              |       |     8 |     3 |     5 ||    16
  Use: Scroll            |       |     7 |     8 |     9 ||    24
       Potion            |       |     3 |     4 |     1 ||     8
  Eat: Ration            |       |     2 |     3 |     1 ||     6
Armor: Scale mail        |    37 |    82 |    60 |       ||   179
       Chain mail        |       |       |    43 |    54 ||    97
Dodge: Dodged            |    33 |    51 |    62 |    20 ||   166
Block: Shield            |    37 |    73 |   117 |    39 ||   266
